 Dungeon Crawl Stone Soup version 0.20.1-1-g8b1a95d (webtiles) character file.

61 galech the Ruffian (level 3, -2/36 HPs)
             Began as a Troll Monk on Aug 31, 2017.
             Killed from afar by an orc wizard (10 damage)
             ... with a puff of frost
             ... on level 2 of the Dungeon.
             The game lasted 00:01:35 (1491 turns).

galech the Ruffian (Troll Monk)                     Turns: 1491, Time: 00:01:36

Health: -2/36      AC:  5    Str: 20    XL:     3   Next: 83%
Magic:  2/2        EV: 11    Int:  6    God:
Gold:   147        SH:  0    Dex: 12    Spells: 2/2 levels left

rFire    . . .     SeeInvis .     - Unarmed
rCold    . . .     Gourm    +   (no shield)
rNeg     . . .     Faith    .   a - +0 robe
rPois    .         Spirit   .   (helmet restricted)
rElec    .         Reflect  .   (no cloak)
rCorr    .         Harm     .   (gloves unavailable)
MR       .....                  (boots unavailable)
Stlth    ++........             (no amulet)
Regen    0.6/turn               (no ring)
MPRegen  0.1/turn               (no ring)

@: no status effects
A: unfitting armour, claws 3, fast metabolism 3, gourmand, regeneration 1,
shaggy fur 1, tough skin 2
a: no special abilities


You were on level 2 of the Dungeon.
You were completely stuffed.

You visited 1 branch of the dungeon, and saw 3 of its levels.

You collected 147 gold pieces.

Inventory:

Armour
 a - a +0 robe (worn)
Scrolls
 c - 2 scrolls of noise {unknown}
 d - a scroll of identify {unknown}
 e - a scroll of remove curse {unknown}
 g - a scroll of enchant armour {unknown}
 i - a scroll of enchant weapon {unknown}
Potions
 f - a potion of invisibility {unknown}
 h - a potion of curing {unknown}
Comestibles
 b - 4 bread rations
 j - 5 chunks of flesh


   Skills:
 + Level 2.7 Fighting
 + Level 3.0 Dodging
 + Level 1.2 Stealth
 + Level 3.7 Unarmed Combat


You had 2 spell levels left.
You didn't know any spells.

Dungeon Overview and Level Annotations

Branches:
Dungeon (3/15)

Altars:
Cheibriados


Innate Abilities, Weirdness & Mutations

You are too large for most types of armour.
You have claws for hands.
Your metabolism is lightning-fast.
You like to eat raw meat.
Your natural rate of healing is unusually fast.
You are covered in fur. (AC +1)
You have very tough skin. (AC +2)


Message History

You closely miss the orc wizard. The orc wizard barely misses you. x2
You barely miss the orc wizard.
The orc wizard hits you but does no damage.
You barely miss the orc wizard. The orc wizard casts a spell at you.
The puff of frost hits you!
* * * LOW HITPOINT WARNING * * *
You closely miss the orc wizard. The orc wizard hits you with a dagger.
* * * LOW HITPOINT WARNING * * *
The orc wizard hits you with a dagger.
* * * LOW HITPOINT WARNING * * *
You closely miss the orc wizard. The orc wizard barely misses you.
You scratch the orc wizard.
The orc wizard is heavily wounded.
The orc wizard barely misses you.
You closely miss the orc wizard.
The orc wizard is heavily wounded.
The orc wizard points at you and mumbles some strange words.
The puff of frost hits you!
You die...

#.#..#.....#.#..##.##.####
#.#..#.....#.#..##.##.#
#.#..#..#..#.#..##.##.#
#######.#..#..#..#.#..##.##.###
#..........#...<.#.#..##.##...#
##.####.####..#..#.#..##.####.##
#.# #..............(...####.#.
#.# ###.##...o............#.##
#.# #......@................
#.#########...........##.#.#.##
#......................#.#.#.##
#.#########..#.#.####.##.#.#.##
#.###.....#................#.##
#.#...................##.###.##
###.#................###.# #.##
#.####.###.#######.# #.# #.##
#.# #.###.## #.# #.# #.##


You could see an orc wizard.

Vanquished Creatures
  2 adders (D:2)
  2 worms (D:2)
  3 giant cockroaches
  2 goblins
  5 hobgoblins
  A quokka (D:2)
  A ball python (D:1)
  7 bats
  4 frilled lizards
  5 kobolds
  5 rats
37 creatures vanquished.

Notes
Turn   | Place    | Note
-------+----------+-------------------------------------------
     0 | D:1      | galech the Troll Monk began the quest for the Orb.
     0 | D:1      | Reached XP level 1. HP: 22/22 MP: 0/0
    73 | D:1      | Found a snail-covered altar of Cheibriados.
   321 | D:1      | Reached XP level 2. HP: 29/29 MP: 1/1
   653 | D:2      | Reached XP level 3. HP: 34/36 MP: 2/2
  1491 | D:2      | Killed from afar by an orc wizard

Skill      XL: |  1  2  3 |
---------------+----------+-----
Dodging        | 3 |  3.0
Fighting       | |  2.7
Stealth        | |  1.2
Unarmed Combat | |  3.7

Action                   || total
-------------------------++-------
Melee: Unarmed           ||    96
 Stab: Sleeping          ||     3
  Eat: Chunk             ||    19
Armor: Robe              ||    49
Dodge: Dodged            ||    52
